 Dungeon Crawl Stone Soup version 0.26-a0-851-g735459dd53 (webtiles) character file.

Game seed: 5988015358388670045

2 James the Digger (level 1, -3/11 HPs)
             Began as an Octopode Earth Elementalist on Nov 21, 2020.
             Slain by a hobgoblin
             ... wielding a +0 whip
              (9 damage)
             ... on level 1 of the Dungeon.
             The game lasted 00:01:14 (69 turns).

James the Digger (Octopode Earth Elementalist)        Turns: 69, Time: 00:01:14

Health: -3/11      AC:  1    Str:  7    XL:     1   Next: 30%
Magic:  1/3        EV: 13    Int: 17    God:
Gold:   0          SH:  0    Dex: 12    Spells: 3/4 levels left

rFire    . . .     SeeInvis .   (no weapon)
rCold    . . .     Faith    .   (no shield)
rNeg     . . .     Spirit   .   (helmet restricted)
rPois    .         Reflect  .   (no amulet)
rElec    .         Harm     .   (no ring)
rCorr    .         Rampage  .   (no ring)
MR       .....                  (no ring)
Stlth    +++.......             (no ring)
HPRegen  0.03/turn              (no ring)
MPRegen  0.08/turn              (no ring)
                                (no ring)
                                (no ring)

@: no status effects
A: almost no armour, stealthy swim, amphibious, 8 rings, constrict 8, camouflage
1, gelatinous body 1
a: no special abilities


You were on level 1 of the Dungeon.
You visited 1 branch of the dungeon, and saw 1 of its levels.

Inventory:

Missiles
 b - 38 stones (quivered)
Potions
 a - a potion of mutation {unknown}


   Skills:
 + Level 0.1 Fighting
 + Level 2.0 Dodging
 + Level 2.7 Stealth
 * Level 0.2 Unarmed Combat
 - Level 2.0 Spellcasting
 - Level 1.0 Transmutations
 - Level 3.0 Earth Magic


You had 3 spell levels left.
You knew the following spells:

 Your Spells              Type           Power        Failure   Level
a - Sandblast             Erth           ##....       5%          1

Your spell library contained the following spells:

 Spells                   Type           Power        Failure   Level
 Passwall                 Tmut/Erth      #.......     13%         2
 Stone Arrow              Conj/Erth      #.....       30%         3
 Petrify                  Tmut/Erth      #.......     63%         4
 Lee's Rapid Deconstruct  Erth           ##........   83%         5


Dungeon Overview and Level Annotations

Branches:
Dungeon (1/15)

Altars:


Innate Abilities, Weirdness & Mutations

You cannot wear most types of armour.
You are very stealthy in the water. (Stealth+)
You are amphibious.
You can wear up to eight rings at the same time.
You can use your tentacles to constrict eight enemies at once.
Your skin changes colour to match your surroundings (Stealth+).
Your rubbery body absorbs attacks. (AC +1, EV +1)


Message History

There is an open door here.
A frilled lizard comes into view.
The frilled lizard hisses angrily.
You tentacle-slap the frilled lizard. Your grab misses the frilled lizard.
The frilled lizard closely misses you.
You miss the frilled lizard. You grab the frilled lizard.
You constrict the frilled lizard.
You kill the frilled lizard!
Found 10 stones.
b - 40 stones (gained 10)
Found a pink potion.
A kobold comes into view.
The kobold shouts!
You see here a pink potion.
a - a pink potion You tentacle-slap the kobold but do no damage.
Your grab misses the kobold.
You squeeze the kobold, but do no damage.
The kobold barely misses you.
You tentacle-slap the kobold but do no damage.
You grab the kobold. You constrict the kobold. The kobold barely misses you.
A kobold comes into view. It is wielding a -1 dagger.
A hobgoblin comes into view. It is wielding a +0 whip.
The hobgoblin shouts!
The kobold shouts!
You tentacle-slap the kobold but do no damage.
You squeeze the kobold, but do no damage.
You constrict the kobold. The kobold barely misses you.
You tentacle-slap the kobold but do no damage.
You constrict the kobold.
You kill the kobold!
You can't see any susceptible monsters within range! (Use Z to cast anyway.)
Aim: a hobgoblin, wielding a +0 whip The blast of sand hits the hobgoblin.
b - 39 stones
Aim: a hobgoblin, wielding a +0 whip (lightly wounded)
The blast of sand misses the hobgoblin.
The blast of sand hits the kobold.
You kill the kobold!
b - 38 stones You closely miss the hobgoblin.
You grab the hobgoblin.
You constrict the hobgoblin, but do no damage.
The hobgoblin hits you but does no damage.
You tentacle-slap the hobgoblin but do no damage.
You constrict the hobgoblin, but do no damage.
The hobgoblin hits you with a +0 whip.
You barely miss the hobgoblin. Your squeeze misses the hobgoblin.
You constrict the hobgoblin. The hobgoblin closely misses you.
You tentacle-slap the hobgoblin but do no damage.
You constrict the hobgoblin. The hobgoblin hits you with a +0 whip!
Ouch! That really hurt!
You die...

##.# #.. # ...#
#.. ...########..#
#.. ....K.....#..#
#.. ....g.....#..#
#.. ..#######)#..#
#########..
#.#..###..........
#g#......#######..
#@##.######### #..
#.##.#...<...# ###
#....#8.....8#
#######.....######
#..8.8..'....
##.....######
#.....#.....
#.8.8.#.####
#.....#


You could see a hobgoblin.

Vanquished Creatures
  A frilled lizard (D:1)
  2 kobolds (D:1)
3 creatures vanquished.

Notes
Turn   | Place    | Note
-------+----------+-------------------------------------------
     0 | D:1      | James the Octopode Earth Elementalist began the quest for
                  | the Orb.
     0 | D:1      | Reached XP level 1. HP: 11/11 MP: 3/3
    69 | D:1      | Slain by a hobgoblin

Illustrated notes

Levels and vault maps discovered:
D:1:      elethiomel_arrival_quiet, layout_basic, minmay_misc_feat_five,
          minmay_crystal_room

Action                   || total
-------------------------++-------
Melee: Unarmed           ||    10
       Constrict         ||     3
       Tentacles         ||     2
 Cast: Sandblast         ||     2
Armor: Skin              ||     1
Dodge: Dodged            ||     5

Table legend: (Time is in decaauts)
 A = Elapsed time spent in this place.
 B = Non-inter-level travel time spent in this place.
 C = Inter-level travel time spent in this place.
 D = Time resting spent in this place.
 E = Time spent auto-exploring this place.
 F = Levels seen in this place.
 G = Mean time per level.
                   A        B        C        D        E       F      G
               +--------+--------+--------+--------+--------+-----+--------+
         Total |     69 |     69 |      0 |      0 |     12 |   1 |   69.0 |
       Dungeon |     69 |     69 |      0 |      0 |     12 |   1 |   69.0 |
               +--------+--------+--------+--------+--------+-----+--------+

Top non-repeatable levels by time:
     D:1: 69 daAuts
